 Dungeon Crawl Stone Soup version 0.21.1-1-g345015f (webtiles) character file.

61808 shakethe the Severer (level 15, -6/116 HPs)
             Began as a Formicid Fighter on Feb 16, 2018.
             Was the Champion of Makhleb.
             Mangled by a soldier ant (7 damage)
             ... on level 6 of the Lair of Beasts on Feb 17, 2018.
             The game lasted 01:17:51 (21361 turns).

shakethe the Severer (Formicid Fighter)            Turns: 21361, Time: 01:17:52

Health: -6/116     AC:  2    Str: 26    XL:     15   Next: 43%
Magic:  22/22      EV: 12    Int:  8    God:    Makhleb [******]
Gold:   1287       SH: 12    Dex: 11    Spells: 14/20 levels left

rFire    . . .     SeeInvis +   b - +3 broad axe (chop)
rCold    . . .     Gourm    .   c - +0 shield
rNeg     . . .     Faith    .   y - +2 chain mail {MR+}
rPois    .         Spirit   .   (helmet unavailable)
rElec    .         Reflect  .   I - +2 cloak {+Inv}
rCorr    .         Harm     .   o - +1 pair of gloves
MR       +++..                  e - +2 pair of boots {run}
Stlth    ..........             (no amulet)
HPRegen  0.29/turn              D - +3 ring of protection
MPRegen  0.18/turn              X - ring of protection from magic {MR+, !d}

@: lethally poisoned (-6 -> -41), corroded, quick
A: permanent stasis, dig shafts and tunnels, four strong arms, antennae 3
a: Dig, Shaft Self, Minor Destruction, Lesser Servant of Makhleb, Major
Destruction, Greater Servant of Makhleb, Renounce Religion, Evoke Invisibility


You were on level 6 of the Lair of Beasts.
You worshipped Makhleb.
Makhleb was exalted by your worship.
You were not hungry.

You visited 3 branches of the dungeon, and saw 20 of its levels.

You collected 1287 gold pieces.

Inventory:

Hand Weapons
 a - a +5 mace
   (You took it off a wight on level 6 of the Dungeon)
 b - a +3 broad axe of chopping (weapon)
   (You took it off Urug on level 11 of the Dungeon)
 U - a +0 fustibalus
   (You found it on level 4 of the Dungeon)
Missiles
 v - 241 stones (quivered)
 H - 2 throwing nets {=f, !d}
Armour
 c - a +0 shield (worn)
 e - a +2 pair of boots of running (worn)
   (You found it on level 6 of the Lair of Beasts)
 o - a +1 pair of gloves (worn)
   (You found it on level 3 of the Dungeon)
 x - a scarf of resistance
   (You found it on level 4 of the Dungeon)
 y - a +2 chain mail of magic resistance (worn)
   (You found it on level 1 of the Lair of Beasts)
 I - a +2 cloak of invisibility (worn)
   (You took it off Crazy Yiuf on level 6 of the Dungeon)
Magical Staves
 S - an uncursed staff of conjuration {unknown}
   (You found it on level 6 of the Lair of Beasts)
Jewellery
 i - an uncursed ring of protection from cold {rC+, !d}
   (You found it on level 9 of the Dungeon)
 D - a +3 ring of protection (left hand)
   (You found it on level 2 of the Lair of Beasts)
 W - a +3 ring of strength
   (You found it on level 4 of the Lair of Beasts)
 X - a ring of protection from magic (right hand) {MR+, !d}
   (You found it on level 5 of the Lair of Beasts)
 Z - an uncursed ring of fire {rF+, rC-}
   (You found it on level 12 of the Dungeon)
Wands
 d - a wand of acid (15)
   (You took it off a big kobold on level 9 of the Dungeon)
 m - a wand of random effects (25)
   (You found it on level 2 of the Lair of Beasts)
 r - a wand of polymorph (28)
   (You took it off Sigmund on level 3 of the Dungeon)
 s - a wand of paralysis (12)
   (You found it on level 3 of the Dungeon)
 w - a wand of digging (15)
   (You took it off Maurice on level 9 of the Dungeon)
 A - a wand of iceblast (13)
   (You took it off a kobold on level 8 of the Dungeon)
 N - a wand of clouds (3)
   (You found it on level 3 of the Lair of Beasts)
Scrolls
 j - 9 scrolls of remove curse
 p - 2 scrolls of enchant armour
 t - 5 scrolls of identify
 z - 2 scrolls of enchant weapon {unknown}
 B - 4 scrolls of amnesia
 C - a scroll of fog
 K - 2 scrolls of immolation {!r}
 O - a scroll of torment {unknown}
 T - 3 scrolls of magic mapping {!r}
Potions
 g - 10 potions of curing
 h - 2 potions of degeneration {unknown}
 k - 2 potions of lignification {unknown}
 l - 4 potions of ambrosia {unknown}
 q - 2 potions of mutation {!q}
 u - 4 potions of flight
 F - a potion of cancellation {unknown}
 G - a potion of magic {unknown}
 J - a potion of resistance
 L - 2 potions of brilliance {unknown}
Books
 n - a book of Changes
   (You found it on level 1 of the Lair of Beasts)
 Q - a book of Party Tricks
   (You found it on level 4 of the Lair of Beasts)
Miscellaneous
 M - a phantom mirror
 P - a phial of floods
   (You found it on level 4 of the Lair of Beasts)
 R - a box of beasts
 V - a fan of gales
   (You found it on level 12 of the Dungeon)
Comestibles
 f - 22 rations


   Skills:
 - Level 10.3 Fighting
 + Level 15.0 Axes
 - Level 10.4 Armour
 + Level 8.5 Dodging
 - Level 9.0 Shields
 - Level 3.2 Spellcasting
 - Level 3.1 Charms
 - Level 3.1 Necromancy
 - Level 8.7 Invocations
 - Level 9.6 Evocations


You had 14 spell levels left.
You knew the following spells:

 Your Spells              Type           Power        Failure   Level  Hunger
a - Shroud of Golubria    Chrm/Tloc      #.........   75%         2    ###....
g - Apportation           Tloc           #.....       83%         1    ##.....
r - Regeneration          Chrm/Necr      #.........   77%         3    ####...


Dungeon Overview and Level Annotations

Branches:
Dungeon (13/15)            Temple (1/1) D:4            Lair (6/6) D:8
  Swamp (0/4) Lair:3        Snake (0/4) Lair:3        Slime (0/5) Lair:6
    Orc (0/2) D:10
 Vaults: D:13-14

Altars:
Ashenzari
Cheibriados
Dithmenos
Elyvilon
Fedhas
Gozag
Hepliaklqana
Kikubaaqudgha
Makhleb
Nemelex Xobeh
Okawaru
Qazlal
Ru
Sif Muna
Trog
Uskayaw
Vehumet
Wu Jian
Xom
Yredelemnul
Zin
The Shining One

Annotations:
D:10 exclusion: orange crystal statue


Innate Abilities, Weirdness & Mutations

You cannot be hasted, slowed, berserked, paralysed or teleported.
You can dig through walls and to a lower floor.
Your four strong arms can wield two-handed weapons with a shield.
You have a pair of large antennae on your head. (SInv)


Message History

The soldier ant poisons you!
You take 4 damage, and have 93/116 hp.
You hit the soldier ant but do no damage.
You hit the soldier ant. x2; You feel sick.
You block the soldier ant's attack. The soldier ant stings you.
You take 4 damage, and have 89/116 hp.
You hit the soldier ant.
You hit the soldier ant but do no damage.
You hit the soldier ant. You slash the soldier ant!
You feel sick.
The soldier ant stings you but does no damage. x2
You take 2 damage, and have 87/116 hp.
You slash the soldier ant! x2; You barely miss the soldier ant.
You hit the soldier ant.
You feel sick. The soldier ant barely misses you.
The entropy weaver casts a spell.
The entropic weave corrodes you! You block the soldier ant's attack. x2
You take 1 damage, and have 86/116 hp.
You hit the soldier ant. You hit the worker ant.
You hit the soldier ant but do no damage.
You closely miss the soldier ant.
You hit the soldier ant but do no damage.
You feel sick. The soldier ant stings you! You block the worker ant's attack.
The entropy weaver casts a spell.
The entropic weave corrodes you! The soldier ant misses you.
You block the soldier ant's attack. The soldier ant stings you!
You take 20 damage, and have 66/116 hp.
You hit the soldier ant but do no damage.
You barely miss the worker ant. You hit the soldier ant.
You hit the soldier ant but do no damage.
You closely miss the soldier ant.
You feel sick. You block the worker ant's attack.
You block the soldier ant's attack.
The entropy weaver casts a spell.
The entropic weave corrodes you! The soldier ant stings you.
The soldier ant stings you! The soldier ant stings you.
You take 13 damage, and have 53/116 hp.
You closely miss the soldier ant.
You hit the soldier ant but do no damage.
You closely miss the soldier ant.
You hit the soldier ant but do no damage.
You hit the worker ant.
You feel sick. You block the worker ant's attack. The soldier ant stings you!
You block the soldier ant's attack.
You take 13 damage, and have 40/116 hp.
You feel sick. The soldier ant stings you!
* * * LOW HITPOINT WARNING * * *
You take 13 damage, and have 27/116 hp.
You feel better. The worker ant bites you!
* * * LOW HITPOINT WARNING * * *
You are poisoned.
The worker ant poisons you! You block the soldier ant's attack.
The soldier ant stings you!
* * * LOW HITPOINT WARNING * * *
You are more poisoned.
The soldier ant poisons you!
You take 13 damage, and have 14/116 hp.
Okay, then.
Okay, then.
Okay, then.
Really quaff
q - 2 potions of mutation {!q}? [Y]es or [N]o only, please.
Really quaff
q - 2 potions of mutation {!q}?
Okay, then.
Okay, then.
You feel much better.
You feel sick. The soldier ant stings you!
* * * LOW HITPOINT WARNING * * *
You are more poisoned.
The soldier ant poisons you! The soldier ant stings you.
* * * LOW HITPOINT WARNING * * *
You are more poisoned.
The soldier ant poisons you!
The soldier ant stings you but does no damage.
You block the soldier ant's attack.
You regained 8 hp, and now have 22/116 hp.
You hit the soldier ant but do no damage.
You slash the soldier ant!
You kill the soldier ant!
Makhleb accepts your kill.
You feel better.
You hit the soldier ant but do no damage.
You hit the soldier ant.
You hit the entropy weaver but do no damage.
* * * LOW HITPOINT WARNING * * *
You feel very sick. The entropy weaver hits you.
* * * LOW HITPOINT WARNING * * *
You block the entropy weaver's attack. The entropy weaver hits you.
* * * LOW HITPOINT WARNING * * *
The entropy weaver hits you!
* * * LOW HITPOINT WARNING * * *
You block the soldier ant's attack. The soldier ant misses you.
You take 19 damage, and have 3/116 hp.
You feel much better.
* * * LOW HITPOINT WARNING * * *
You feel very sick.
You block the entropy weaver's attack. x2; The entropy weaver hits you.
* * * LOW HITPOINT WARNING * * *
The entropy weaver hits you!
* * * LOW HITPOINT WARNING * * *
The soldier ant waves its antennae.
You block the soldier ant's attack. The soldier ant barely misses you.
The soldier ant stings you!
You die... #..# ..###{{ #.. ##.. ###..####### ..#. #..# #.## #.#...#.##P####.{. ..####.## ##...........# .aa

...$#....# #..P.........##
.a###...##.....
##.P..........###..#..###......
#.#.............##...###.......
##............aa†#†''#.#.......
##.##..........@a..†..P.##......
#.#.#..........aa.††....####....
###..###........#....#....###...
#...P.........P.[......###....
##.....PPP...............P....
#........................PP...
###...........................
#.#......###.....##....##....
##....#######...###...##.....


You could see an entropy weaver, 3 soldier ants and a worker ant.

Vanquished Creatures
  An entropy weaver (Lair:6)
  4 hydras
  The ghost of p0werm0de the Magician, a journeyman GnIE of Cheibriados (D:9)
  3 catoblepae (Lair:6)
  2 two-headed ogres
  5 death yaks (Lair:6)
  A queen ant (Lair:6)
  Urug (D:11)
  A fire crab (Lair:4)
  Pikel (D:10)
  2 manticores (Lair:6)
  2 ugly things
  5 elephants (Lair:6)
  Maurice (D:9)
  8 black mambas
  2 gargoyles
  A torpor snail (Lair:2)
  7 spiny frogs
  7 komodo dragons
  2 rime drakes
  3 trolls
  A polar bear (Lair:6)
  27 blink frogs
  7 slime creatures (D:12)
  A hornet (D:8)
  4 dream sheep (Lair:6)
  9 hippogriffs
  A meliai zombie (D:12)
  Sigmund (D:3)
  2 wraiths
  68 yaks
  9 wyverns
  4 basilisks
  10 vampire mosquitoes
  A steam dragon (Lair:3)
  Menkaure (D:5)
  A hungry ghost (D:8)
  A naga (Lair:3)
  16 soldier ants (Lair:6)
  14 water moccasins
  4 porcupines
  4 ice beasts
  8 orc warriors
  4 slaves (D:9)
  3 sky beasts
  2 necrophages
  2 phantoms
  3 black bears
  11 wolves (Lair:5)
  5 ogres
  2 centaurs
  14 crocodiles
  4 big kobolds
  23 bullfrogs
  A water moccasin skeleton (D:7)
  6 scorpions
  6 killer bees (D:8)
  8 wights (D:6)
  5 howler monkeys
  An electric eel (Lair:6)
  2 bullfrog zombies
  8 crimson imps
  A quasit (D:7)
  4 centaur zombies
  4 hounds
  The ghost of sankara the Sneak, a weakling SpEn (D:4)
  11 jellies
  3 bullfrog skeletons
  13 orc priests
  Crazy Yiuf (D:6)
  9 orc wizards
  2 iguanas
  18 worker ants
  A hound zombie (D:9)
  3 worker ant zombies
  A howler monkey skeleton (D:4)
  A howler monkey zombie (D:6)
  11 adders
  3 shadow imps
  An ooze (D:5)
  3 adder skeletons
  A worm (D:2)
  A dart slug (D:2)
  2 leopard geckos (D:3)
  57 orcs
  2 ball pythons
  8 giant cockroaches
  7 goblins
  4 hobgoblins
  13 jackals
  26 kobolds
  7 quokkas
  7 bats
  4 frilled lizards
  A quokka zombie (D:9)
  8 rats
  A bush (Lair:1)
  4 fungi
  5 plants
613 creatures vanquished.

Vanquished Creatures (collateral kills)
  A hydra (Lair:4)
  A yak (Lair:1)
2 creatures vanquished.

Vanquished Creatures (others)
  20 fungi
  6 plants
26 creatures vanquished.

Grand Total: 641 creatures vanquished

Notes
Turn   | Place    | Note
-------+----------+-------------------------------------------
     0 | D:1      | shakethe the Formicid Fighter began the quest for the Orb.
     0 | D:1      | Reached XP level 1. HP: 18/18 MP: 1/1
    96 | D:1      | Reached XP level 2. HP: 24/24 MP: 2/2
   302 | D:1      | Reached XP level 3. HP: 26/29 MP: 3/3
   486 | D:1      | Reached skill level 4 in Shields
  1367 | D:3      | Reached XP level 4. HP: 32/37 MP: 4/4
  1453 | D:3      | Reached skill level 3 in Axes
  1484 | D:3      | Noticed Sigmund
  1822 | D:3      | Killed Sigmund
  1822 | D:3      | Reached skill level 4 in Fighting
  1822 | D:3      | Reached skill level 4 in Axes
  1822 | D:3      | Reached skill level 4 in Armour
  1822 | D:3      | Reached skill level 1 in Evocations
  1822 | D:3      | Reached XP level 5. HP: 34/42 MP: 4/6
  1822 | D:3      | Reached XP level 6. HP: 39/48 MP: 4/7
  2053 | D:4      | Reached skill level 2 in Evocations
  2104 | D:4      | Reached XP level 7. HP: 30/55 MP: 8/8
  2155 | D:4      | Reached skill level 5 in Shields
  2323 | D:4      | Noticed sankara's ghost (weakling SpEn)
  2338 | D:4      | Killed sankara's ghost
  2411 | D:4      | Reached skill level 5 in Axes
  2484 | D:4      | Reached XP level 8. HP: 30/61 MP: 8/10
  2873 | D:4      | Reached skill level 5 in Armour
  2892 | D:4      | Reached skill level 5 in Fighting
  3070 | D:4      | Found a staircase to the Ecumenical Temple.
  3076 | Temple   | Entered the Ecumenical Temple
  3262 | Temple   | Became a worshipper of Makhleb the Destroyer
  3375 | D:5      | Entered Level 5 of the Dungeon
  3392 | D:5      | Reached skill level 3 in Evocations
  3677 | D:5      | Noticed Menkaure
  3703 | D:5      | Killed Menkaure
  3703 | D:5      | Reached skill level 6 in Shields
  3738 | D:5      | Found a shimmering altar of Xom.
  3738 | D:5      | Found a shimmering altar of Xom.
  3739 | D:5      | Found a shimmering altar of Xom.
  3747 | D:5      | Reached skill level 6 in Axes
  4353 | D:6      | Reached XP level 9. HP: 50/68 MP: 11/11
  4426 | D:6      | Reached skill level 4 in Evocations
  4749 | D:6      | Found a runed door.
  4799 | D:6      | Reached * piety under Makhleb
  4808 | D:6      | Reached skill level 6 in Armour
  4826 | D:6      | Reached skill level 6 in Fighting
  4826 | D:6      | Reached skill level 7 in Axes
  5262 | D:6      | Noticed Crazy Yiuf
  5266 | D:6      | Killed Crazy Yiuf
  5266 | D:6      | Reached skill level 7 in Shields
  5628 | D:7      | Reached skill level 5 in Evocations
  5783 | D:7      | Reached ** piety under Makhleb
  5927 | D:7      | Reached XP level 10. HP: 77/77 MP: 13/13
  6239 | D:8      | Reached skill level 8 in Axes
  6272 | D:8      | Reached skill level 1 in Invocations
  6325 | D:8      | HP: 18/77 [hornet (3)]
  6330 | D:8      | HP: 16/77 [hornet (8)]
  6334 | D:8      | HP: 7/77 [hornet (2)]
  6341 | D:7      | HP: 5/77 [poisoned by a hornet]
  6347 | D:7      | HP: 4/77 [poisoned by a hornet]
  6354 | D:7      | HP: 3/77 [poisoned by a hornet]
  6720 | D:8      | Reached skill level 7 in Fighting
  6720 | D:8      | Reached skill level 7 in Armour
  6720 | D:8      | Reached skill level 2 in Invocations
  6785 | D:8      | Reached skill level 8 in Shields
  6806 | D:8      | Reached skill level 6 in Evocations
  6952 | D:8      | Reached skill level 3 in Invocations
  7037 | D:8      | Reached skill level 9 in Axes
  7051 | D:8      | Reached *** piety under Makhleb
  7137 | D:8      | Found a staircase to the Lair.
  7276 | D:8      | Found a blossoming altar of Fedhas.
  7425 | D:8      | Reached XP level 11. HP: 84/84 MP: 15/15
  7976 | D:9      | Reached skill level 4 in Invocations
  7991 | D:9      | Noticed a two-headed ogre
  8000 | D:9      | Killed a two-headed ogre
  8000 | D:9      | Reached **** piety under Makhleb
  8000 | D:9      | Reached skill level 8 in Fighting
  8014 | D:9      | Noticed p0werm0de's ghost (journeyman GnIE)
  8042 | D:9      | Reached skill level 8 in Armour
  8303 | D:9      | Killed p0werm0de's ghost
  8402 | D:9      | Reached skill level 7 in Evocations
  8412 | D:9      | Reached skill level 9 in Shields
  8552 | D:9      | Reached skill level 10 in Axes
  8584 | D:9      | Reached skill level 5 in Invocations
  8811 | D:9      | Noticed Maurice
  8822 | D:9      | Killed Maurice
  8867 | D:9      | Found a hazy altar of Hepliaklqana.
  8876 | D:9      | Found a shadowy altar of Dithmenos.
  9012 | D:9      | Found a deep blue altar of Sif Muna.
  9474 | D:10     | Entered Level 10 of the Dungeon
  9648 | D:10     | Found a staircase to the Orcish Mines.
  9703 | D:10     | Noticed Pikel
  9717 | D:10     | Killed Pikel
  9833 | D:10     | Noticed an orange crystal statue
 10296 | D:10     | Noticed a two-headed ogre
 10306 | D:10     | Killed a two-headed ogre
 10306 | D:10     | Reached XP level 12. HP: 94/94 MP: 17/17
 10930 | D:11     | Reached skill level 6 in Invocations
 10958 | D:11     | Found a shattered altar of Ashenzari.
 11183 | D:11     | Noticed Urug
 11206 | D:11     | Killed Urug
 11206 | D:11     | Reached skill level 9 in Fighting
 11206 | D:11     | Reached skill level 9 in Armour
 11382 | D:12     | Reached ***** piety under Makhleb
 11416 | D:12     | Reached skill level 11 in Axes
 11431 | D:12     | Reached skill level 8 in Evocations
 11794 | D:12     | Reached skill level 7 in Invocations
 12153 | D:12     | Reached XP level 13. HP: 91/102 MP: 19/19
 12214 | D:12     | Noticed a stone giant
 12836 | D:8      | Learned a level 2 spell: Shroud of Golubria
 12840 | D:8      | Learned a level 3 spell: Regeneration
 12842 | D:8      | Learned a level 1 spell: Apportation
 12986 | Lair:1   | Entered Level 1 of the Lair of Beasts
 13121 | Lair:1   | Noticed a five-headed hydra
 13140 | Lair:1   | Killed a five-headed hydra
 13140 | Lair:1   | Reached skill level 12 in Axes
 13356 | Lair:1   | Reached skill level 1 in Necromancy
 13404 | Lair:1   | Reached skill level 1 in Spellcasting
 13404 | Lair:1   | Reached skill level 1 in Charms
 13601 | Lair:1   | Reached skill level 9 in Evocations
 13604 | Lair:1   | Reached skill level 8 in Invocations
 13894 | Lair:1   | Reached skill level 10 in Armour
 13903 | Lair:1   | Noticed an eight-headed hydra
 13916 | Lair:1   | Killed an eight-headed hydra
 13916 | Lair:1   | Reached skill level 10 in Fighting
 14144 | Lair:1   | Reached skill level 2 in Necromancy
 14501 | Lair:2   | Reached skill level 2 in Spellcasting
 14501 | Lair:2   | Reached skill level 2 in Charms
 14505 | Lair:2   | Noticed a seven-headed hydra
 14848 | Lair:1   | Killed a seven-headed hydra
 15117 | Lair:2   | HP: 25/103 [poisoned by a spiny frog]
 15122 | Lair:2   | HP: 21/103 [poisoned by a spiny frog]
 15127 | Lair:2   | HP: 18/103 [poisoned by a spiny frog]
 15132 | Lair:2   | HP: 17/103 [poisoned by a spiny frog]
 15137 | Lair:2   | HP: 16/103 [poisoned by a spiny frog]
 15144 | Lair:2   | HP: 16/103 [poisoned by a spiny frog]
 15152 | Lair:2   | HP: 16/103 [poisoned by a spiny frog]
 15759 | Lair:2   | Reached ****** piety under Makhleb
 16443 | Lair:3   | Reached skill level 3 in Spellcasting
 16684 | Lair:3   | Found a staircase to the Swamp.
 16696 | Lair:3   | Reached skill level 3 in Charms
 16700 | Lair:3   | Reached skill level 3 in Necromancy
 16796 | Lair:3   | Reached XP level 14. HP: 111/111 MP: 21/21
 16867 | Lair:3   | Found a staircase to the Snake Pit.
 16921 | Lair:3   | Reached skill level 1 in Dodging
 17124 | Lair:4   | HP: 21/111 [seven-headed hydra (11)]
 17125 | Lair:4   | HP: 7/111 [seven-headed hydra (9)]
 17438 | Lair:4   | Reached skill level 2 in Dodging
 17550 | Lair:4   | Reached skill level 13 in Axes
 17561 | Lair:4   | Reached skill level 3 in Dodging
 18404 | Lair:4   | HP: 21/111 [eight-headed hydra (8)]
 18810 | Lair:5   | Reached skill level 4 in Dodging
 19286 | Lair:5   | Reached skill level 5 in Dodging
 19785 | Lair:6   | Entered Level 6 of the Lair of Beasts
 20239 | Lair:6   | Found a staircase to the Slime Pits.
 20287 | Lair:6   | Reached skill level 6 in Dodging
 20454 | Lair:6   | Reached skill level 14 in Axes
 20649 | Lair:6   | Reached XP level 15. HP: 116/116 MP: 22/22
 20663 | Lair:6   | Reached skill level 7 in Dodging
 20808 | Lair:6   | Identified a +0 pair of boots of running (You found it on level 6 of the Lair of Beasts)
 21179 | Lair:6   | Reached skill level 8 in Dodging
 21333 | Lair:6   | Reached skill level 15 in Axes
 21357 | Lair:6   | HP: 27/116 [soldier ant (12)]
 21360 | Lair:6   | HP: 3/116 [entropy weaver (15)]
 21361 | Lair:6   | HP: 1/116 [entropy weaver (16)]
 21361 | Lair:6   | Mangled by a soldier ant

Skill      XL: |  1  2  3  4  5  6  7  8  9 10 11 12 13 14 15 |
---------------+----------------------------------------------+-----
Shields        | 4 5 6 7 8 9 |  9.0
Axes           | 4 5 6 7 9 10 11 12 14 15 | 15.0
Fighting       | 4 5 6 7 8 9 10 | 10.3
Armour         | 4 5 6 7 8 9 10 | 10.4
Evocations     | 1 2 3 5 6 7 8 9 |  9.6
Invocations    | 3 5 7 8 |  8.7
Necromancy     | 3 |  3.1
Spellcasting   | 3 |  3.2
Charms         | 3 |  3.1
Dodging        | 6 8 |  8.5

Action                   |  1- 3 |  4- 6 |  7- 9 | 10-12 | 13-15 || total
-------------------------+-------+-------+-------+-------+-------++-------
Melee: War axe           |   114 |    90 |   434 |   622 |       ||  1260
       Broad axe         |       |       |       |   189 |   851 ||  1040
       Mace              |       |       |       |       |    98 ||    98
 Fire: Fustibalus        |       |       |     3 |       |       ||     3
Throw: Stone             |       |       |       |     3 |     1 ||     4
Invok: Minor Destruction |       |       |       |     1 |       ||     1
       Lesser Servant of |       |       |       |       |     2 ||     2
       Major Destruction |       |       |       |       |     1 ||     1
Evoke: Wand              |       |       |       |     2 |     2 ||     4
       Box of beasts     |       |       |       |       |     1 ||     1
  Use: Potion            |       |       |     2 |     2 |     5 ||     9
       Scroll            |       |       |    14 |     2 |    12 ||    28
 Stab: Paralysed         |       |       |       |     6 |       ||     6
       Distracted        |       |       |       |       |     1 ||     1
       Petrified         |       |       |       |       |     1 ||     1
  Eat: Chunk             |     1 |     3 |    10 |     5 |    20 ||    39
       Ration            |       |       |     1 |     6 |     3 ||    10
Armor: Scale mail        |    49 |    46 |   149 |   131 |       ||   375
       Plate armour      |       |       |       |   206 |   103 ||   309
       Chain mail        |       |       |       |       |   491 ||   491
Dodge: Dodged            |    34 |    23 |   110 |   206 |   417 ||   790
Block: Shield            |    53 |    51 |   223 |   423 |   686 ||  1436

Vault maps used:
D:1:      minmay_arrival_radiant_lines
D:2:      first_ration
D:3:      uniq_sigmund
D:4:      minmay_temple_entry_fiery, eino_small_chamber_without_monster,
          minmay_vboxes
D:5:      xom_redecorated, uniq_menkaure
D:6:      uniq_crazy_yiuf_cottage
D:7:      grunt_ogre_cave
D:8:      due_lair_maze_entry_diamond, fedhas_altar_fruit_tree
D:9:      gammafunk_temple_overflow_pools, lemuel_blue_sif_altar, uniq_pikel,
          uniq_maurice
D:10:     david_orc_3, minmay_protected_statue
D:11:     basic_altar, uniq_urug
D:12:     kennysheep_four_rooms
D:13:     david_vaults_1, serial_shops, shop
Temple:   regret_index_temple_chain_breaker
Lair:1:   cheibrodos_lair_river_kwai
Lair:2:   beast_lair_carwin_8
Lair:3:   minmay_swamp_entry_swarm, guppyfry_snake_entry_garden,
          grunt_forest_stairs_basic
Lair:4:   beast_lair_carwin_4
Lair:5:   st_stairs_5
Lair:6:   evilmike_catoblepas_cave, minmay_slime_entry_pillars,
          zaba_antful_of_joy, serial_bayou_shore_a

Table legend:
 A = Turns spent in this place as a percentage of turns spent in the entire game.
 B = Non-inter-level travel turns spent in this place as a percentage of non-inter-level travel turns spent in the entire game.
 C = Inter-level travel turns spent in this place as a percentage of turns spent in this place.
 D = Turns resting spent in this place as a percentage of non-inter-level travel turns spent in this place.
 E = Turns spent auto-exploring this place as a percentage of non-inter-level travel turns spent in this place.
 F = Non-inter-level travel turns spent in this place divided by the number of levels of this place that you've seen.
                   A       B       C       D       E      F
               +-------+-------+-------+-------+-------+----------------------
         Total | 100.0 | 100.0 |   2.1 |  13.5 |  34.2 | 1045.6
       Dungeon |  60.9 |  60.1 |   3.5 |   9.7 |  31.9 | 966.3
        Temple |   1.0 |   1.0 |   0.0 |   0.0 |  63.6 | 206.0
          Lair |  38.1 |  38.9 |   0.0 |  19.7 |  37.0 | 1357.3
               +-------+-------+-------+-------+-------+----------------------

Table legend:
 A = Kills in this place as a percentage of kills in entire the game.
 B = Kills by you in this place as a percentage of kills by you in the entire game.
 C = Kills by friends in this place as a percentage of kills by friends in the entire game.
 D = Other kills in this place as a percentage of other kills in the entire game.
 E = Experience gained in this place as a percentage of experience gained in the entire game.
 F = Experience gained in this place divided by the number of levels of this place that you have seen.
                   A       B       C       D       E      F
               +-------+-------+-------+-------+-------+----------------------
         Total | 100.0 | 100.0 | 100.0 |   N/A | 100.0 | 4414.9
       Dungeon |  61.1 |  61.3 |   0.0 |   N/A |  31.7 | 2150.4
          Lair |  38.9 |  38.7 | 100.0 |   N/A |  68.3 | 10057.2
               +-------+-------+-------+-------+-------+----------------------
